 Dungeon Crawl Stone Soup version 0.30-a0-159-g068b764562 (webtiles) character file.

Game seed: 10070080797239870590

48120 night the Gelid (level 14, 0/165 HPs)
             Began as a Purple Draconian Ice Elementalist on Sept 25, 2022.
             Was an Initiate of Gozag.
             Slain by a hell knight
             ... wielding a +1 broad axe of flaming
              (4 damage)
             ... in a volcano on Sept 27, 2022.
             The game lasted 00:56:26 (19475 turns).

night the Gelid (DrIE)                             Turns: 19475, Time: 00:56:26

Health: 0/165      AC: 11    Str: 11    XL:     14   Next: 11%
Magic:  23/29      EV: 16    Int: 21    God:    Gozag
Gold:   2825       SH:  0    Dex: 17    Spells: 16/35 levels left

rFire   . . .      SeeInvis .      - Unarmed
rCold   . . .      Faith    .    (no shield)
rNeg    . . .      Spirit   .    (body armour unavailable)
rPois   .          Reflect  .    (helmet restricted)
rElec   .          Harm     .    n - +0 cloak
rCorr   .          Rampage  .    E - +1 pair of gloves
Will    ++...                    (no boots)
Stlth   ..........               (no amulet)
HPRegen 0.37/turn                f - +4 ring of evasion
MPRegen 0.21/turn                x - +6 ring of dexterity

@: berserking, short of breath, freezing walls, very quick
A: breathe power, AC +8, unfitting armour, cold-blooded
a: Breathe Dispelling Energy, Renounce Religion, Potion Petition, Call Merchant,
Bribe Branch


You were in a volcano.
You worshipped Gozag.
Gozag was most pleased with you.
You visited 2 branches of the dungeon, and saw 12 of its levels.
You also visited: Bailey and Volcano.

You collected 3770 gold pieces.
You spent 315 gold pieces at shops.
You paid 630 gold pieces to Gozag.

Inventory:

Hand Weapons
 b - a +4 shortbow
 l - the +8 spear "Raastroty" {holy, rC+ rCorr Int+4}
   (You found it on level 2 of the Dungeon)

   It has been blessed by the Shining One to cause great damage to the undead
   and demons.
   Int:       It affects your intelligence (+4).
   rC:        It protects you from cold.
   rCorr:     It protects you from acid and corrosion.
Missiles
 c - 116 stones
 g - 4 boomerangs
 m - 3 silver javelins
 w - 17 poisoned darts
 J - 4 curare-tipped darts
 L - 5 atropa-tipped darts
Armour
 n - a +0 cloak (worn)
 E - a +1 pair of gloves (worn)
Magical Staves
 M - a staff of poison
Jewellery
 f - a +4 ring of evasion (left hand)
 x - a +6 ring of dexterity (right hand)
 B - a ring of positive energy
 O - a ring of positive energy
Wands
 e - a wand of paralysis (2)
 r - a wand of flame (27)
 N - a wand of digging (3)
Scrolls
 j - 2 scrolls of amnesia
 o - 2 scrolls of teleportation
 t - a scroll of enchant armour
 v - 2 scrolls of immolation
 y - a scroll of enchant weapon
 z - a scroll of blinking
 A - a scroll of fear
 C - 3 scrolls of noise
 G - a scroll of brand weapon
 H - 2 scrolls of fog
Potions
 a - 5 potions of magic
 d - 9 potions of curing
 h - 3 potions of cancellation
 i - 4 potions of flight
 k - a potion of mutation
 p - 9 potions of haste
 u - 3 potions of heal wounds
 D - 3 potions of brilliance
 I - a potion of attraction {unknown}
 K - 2 potions of might


   Skills:
 - Level 6.1 Fighting
 - Level 1.7 Dodging
 - Level 1.7 Stealth
 + Level 12.2 Unarmed Combat
 - Level 11.1 Spellcasting
 - Level 4.0 Conjurations
 + Level 16.2 Ice Magic
 - Level 5.0 Poison Magic


You had 16 spell levels left.
You knew the following spells:

 Your Spells              Type           Power      Damage    Failure   Level
a - Freeze                Ice            100%       1d11      0%          1
b - Frozen Ramparts       Ice            100%       1d16      1%          3
c - Ozocubu's Armour      Ice            68%        N/A       1%          3
d - Olgreb's Toxic Radia  Pois           32%        N/A       8%          4
e - Freezing Cloud        Conj/Ice/Air   20%        6-21      10%         5
i - Ignite Poison         Fire/Tmut/Pois 18%        N/A       9%          3

Your spell library contained the following spells:

 Spells                   Type           Power      Damage    Failure   Level
 Sting                    Tmut/Pois      88%        1d7       1%          1
 Ensorcelled Hibernation  Hex/Ice        90%        N/A       1%          2
 Searing Ray              Conj           56%        2d6       1%          2
 Hailstorm                Conj/Ice       52%        3d12      1%          3
 Poisonous Vapours        Pois/Air       44%        N/A       3%          2
 Stone Arrow              Conj/Erth      40%        3d9       8%          3
 Blink                    Tloc           22%        N/A       9%          2
 Sublimation of Blood     Necr           11%        N/A       9%          2
 Call Canine Familiar     Summ           11%        N/A       17%         3
 Gell's Gravitas          Tloc           11%        N/A       17%         3
 Lesser Beckoning         Tloc           11%        N/A       17%         3
 Portal Projectile        Hex/Tloc       22%        N/A       17%         3
 Teleport Other           Tloc           11%        N/A       17%         3
 Sticky Flame             Conj/Fire      20%        2d4       26%         4
 Leda's Liquefaction      Hex/Erth       5%         N/A       50%         4
 Manifold Assault         Tloc           11%        N/A       50%         4
 Petrify                  Tmut/Erth      11%        N/A       50%         4
 Summon Lightning Spire   Summ/Air       11%        N/A       50%         4
 Fireball                 Conj/Fire      10%        3d6       56%         5
 Irradiate                Conj/Tmut      10%        3d15      56%         5
 Starburst                Conj/Fire      10%        6d5       98%         6
 Storm Form               Tmut/Air       5%         N/A       100%        7
 Ignition                 Fire           5%         3d4       100%        8
 Lehudib's Crystal Spear  Conj/Erth      10%        10d4      100%        8
 Maxwell's Capacitive Co  Air            5%         ∞         100%        8
 Polar Vortex             Ice            34%        N/A       100%        9
 Simulacrum               Ice/Necr       Unusable   N/A       N/A         6
 Animate Armour           Summ/Erth      Unusable   N/A       N/A         4

Dungeon Overview and Level Annotations

Branches:
Dungeon (11/15)            Temple (0/1) D:6            Lair (1/5) D:11
    Orc (0/2) D:11         Bailey (visited)         Volcano (1/1)

Altars:
Cheibriados
Fedhas
Gozag
Hepliaklqana
Kikubaaqudgha
Nemelex Xobeh
Okawaru
Qazlal
Uskayaw
Vehumet
Yredelemnul
Zin

Shops:
D:5 (   D:6 *![[?   D:7 (

Portals:
Trove: D:10 (give +3 gold dragon scales)


Innate Abilities, Weirdness & Mutations

You can breathe bolts of dispelling energy.
Your rich purple scales are hard. (AC +8)
You cannot fit into any form of body armour.
You are cold-blooded and may be slowed by cold attacks.


Message History

Press: ? - help, Shift-Dir - straight line, f - hell knight
Aim: a hell knight, wielding a +1 broad axe of flaming and wearing a +1 chain mail of fire resistance (70% to hit)
You breathe a bolt of dispelling energy.
The bolt of dispelling energy hits the hell knight!
The hell knight is lightly wounded.
The wall freezes the hell knight but does no damage.
You hit the hell knight.
You tail-slap the hell knight, but do no damage.
You punch the hell knight.
The hell knight is lightly wounded.
The wall freezes the hell knight but does no damage.
The hell knight prays to its god.
The hell knight seems to speed up.
A red film seems to cover your vision as you go berserk!
You feel yourself moving faster!
You feel mighty!
The wall freezes the hell knight but does no damage.
The hell knight hits you with a +1 broad axe of flaming!!
The hell knight burns you!
The wall freezes the hell knight.
The hell knight invokes the aid of its god against you.
The bolt of fire hits you!
* * * LOW HITPOINT WARNING * * *
You punch the hell knight! You punch the hell knight.
The hell knight is heavily wounded.
You punch the hell knight!
You tail-slap the hell knight, but do no damage.
You punch the hell knight.
The hell knight is severely wounded.
The wall freezes the hell knight.
The hell knight hits you with a +1 broad axe of flaming!!
* * * LOW HITPOINT WARNING * * *
The hell knight burns you!
* * * LOW HITPOINT WARNING * * *
You punch the hell knight!
The hell knight is almost dead.
The wall freezes the hell knight.
The hell knight hits you with a +1 broad axe of flaming!
* * * LOW HITPOINT WARNING * * *
The hell knight burns you.
You die...
Your body crumbles into a pile of gold.

§§§≈≈≈≈≈≈≈§§≈§≈≈§≈§≈≈≈§≈≈≈≈≈§≈§§≈
≈§≈≈§≈≈§§≈§≈≈§§§≈≈§≈≈≈§≈§§≈≈≈≈§≈§
§§≈§≈≈≈§§§≈≈≈≈≈≈≈≈≈≈≈≈≈§≈≈≈§≈≈≈§≈
§§≈§≈≈≈≈ ≈§§≈§≈ ≈≈§≈≈≈§ ≈≈≈§§
§§≈≈≈§ §§≈ § S≈ ≈≈ ############
#....p@....+ #.∩..#.8_8.# #...
#.).).# ### ###'### #.§§§§§ #.#
#.§≈≈≈≈ #.# #.≈≈≈≈§ $ $ #.# $ $
#..≈≈≈§ $ $ #.# $$ #.≈≈§§≈ #.#
#.≈§≈≈≈


You could see a hell knight (fast).

Vanquished Creatures
  A fenstrider witch (shapeshifter) (D:10)
  A hydra (D:11)
  2 boulder beetles (D:11)
  5 two-headed ogres
  A centaur warrior (D:10)
  A tengu warrior (D:10)
  Sonja (D:10)
  Amaemon (D:8)
  Pikel (D:4)
  An orc knight (Bailey)
  A deep elf pyromancer (D:10)
  3 cyclopes (D:11)
  A smoke demon (Volcano)
  An orange demon (D:9)
  Maggie (D:8)
  A komodo dragon (D:11)
  An unseen horror (D:11)
  An unseen horror zombie (D:9)
  A tengu conjurer (D:10)
  3 trolls
  2 red devils (Volcano)
  2 hornets
  Sigmund (D:2)
  A vampire (D:11)
  2 shadows (D:11)
  4 wraiths
  2 wyverns
  2 basilisks (D:11)
  28 yaks
  2 fire bats (Volcano)
  A vampire mosquito (D:10)
  2 steam dragons
  Edmund (D:6)
  2 acid dragons
  A water moccasin (D:7)
  A hell hound (Volcano)
  4 black bears
  7 orc warriors
  4 ice beasts
  A sky beast (D:6)
  A boggart (D:11)
  5 centaurs
  3 ogres
  2 lemures (D:4)
  4 kobold brigands
  4 phantoms
  2 bullfrogs
  3 gnoll sergeants
  7 necrophages
  13 wights
  A killer bee (D:10)
  An electric eel (D:10)
  4 howler monkeys
  4 lava snakes (Volcano)
  3 hounds
  Crazy Yiuf (D:2)
  5 orc priests
  A gnoll bouda (D:7)
  A human zombie (D:9)
  2 jellies
  Ijyb (D:3)
  Terence (D:2)
  2 iguanas
  Natasha (thrice) (D:4)
  11 orc wizards
  2 mummies (D:9)
  A howler monkey zombie (D:9)
  20 gnolls
  10 adders
  A shadow imp (D:5)
  17 white imps
  An ufetubus (D:5)
  3 dart slugs
  2 worms (D:2)
  49 orcs
  6 endoplasms
  2 giant cockroaches
  12 goblins
  7 hobgoblins
  29 kobolds
  3 quokkas
  4 ball pythons
  2 bats
  4 frilled lizards
  5 rats
364 creatures vanquished.

Vanquished Creatures (others)
  2 fungi
  2 plants (D:11)
4 creatures vanquished.

Grand Total: 368 creatures vanquished

Notes
Turn   | Place    | Note
-------+----------+-------------------------------------------
     0 | D:1      | night the Draconian Ice Elementalist began the quest for
                  | the Orb.
     0 | D:1      | Reached XP level 1. HP: 14/14 MP: 3/3
   489 | D:1      | Reached XP level 2. HP: 20/20 MP: 3/5
   654 | D:1      | Reached skill level 1 in Unarmed Combat
  1034 | D:1      | Found a faded altar of an unknown god.
  1038 | D:1      | Prayed at the altar of an unknown god.
  1038 | D:1      | Became a worshipper of Gozag Ym Sagoz the Greedy
  1312 | D:2      | Noticed Sigmund
  1436 | D:2      | Reached XP level 3. HP: 15/26 MP: 2/6
  1577 | D:2      | Learned a level 3 spell: Frozen Ramparts
  1581 | D:2      | Learned a level 3 spell: Ozocubu's Armour
  1809 | D:2      | Identified the +8 spear "Raastroty" {holy, rC+ rCorr Int+4}
  1896 | D:2      | Noticed Terence
  1917 | D:2      | Killed Terence
  1918 | D:2      | Reached skill level 2 in Unarmed Combat
  1918 | D:2      | Reached XP level 4. HP: 31/33 MP: 1/8
  2074 | D:2      | Killed Sigmund
  2075 | D:2      | Reached skill level 5 in Ice Magic
  2075 | D:2      | Reached XP level 5. HP: 17/38 MP: 1/10
  2325 | D:2      | Found a runed translucent door.
  2326 | D:2      | Noticed Crazy Yiuf
  2333 | D:2      | Killed Crazy Yiuf
  2718 | D:3      | Reached XP level 6. HP: 45/45 MP: 11/11
  2947 | D:3      | Found a snail-covered altar of Cheibriados.
  3030 | D:3      | Found a blossoming altar of Fedhas.
  3149 | D:3      | Noticed Ijyb
  3153 | D:3      | Found a glowing silver altar of Zin.
  3156 | D:3      | Paralysed by Ijyb for 5 turns
  3160 | D:3      | Killed Ijyb
  4020 | D:4      | Found a stormy altar of Qazlal.
  4067 | D:4      | Your scales start taking on a rich purple colour.
  4067 | D:4      | Reached skill level 5 in Spellcasting
  4067 | D:4      | Reached XP level 7. HP: 50/50 MP: 14/14
  4224 | D:4      | Found a hide-covered altar of Uskayaw.
  4336 | D:4      | Noticed Pikel
  4337 | D:4      | Noticed Natasha
  4346 | D:4      | Killed Natasha
  4357 | D:4      | Killed Pikel
  4358 | D:4      | Reached skill level 5 in Unarmed Combat
  4358 | D:4      | Reached skill level 6 in Ice Magic
  4358 | D:4      | Reached XP level 8. HP: 41/57 MP: 2/17
  4633 | D:4      | Reached skill level 7 in Ice Magic
  4705 | D:4      | Noticed Natasha
  4710 | D:4      | Killed Natasha
  4832 | D:4      | Noticed Natasha
  4846 | D:4      | Killed Natasha
  4960 | D:5      | Entered Level 5 of the Dungeon
  5658 | D:5      | Found Wouxtu's Weapon Boutique.
  6191 | D:6      | Found Gounn's Antique Armour Boutique.
  6195 | D:6      | Found an iron altar of Okawaru.
  6207 | D:6      | Found Covugeg's Magic Scroll Shoppe.
  6233 | D:6      | Bought a scroll of blinking for 112 gold pieces
  6281 | D:6      | Found Perum's Armour Emporium.
  6305 | D:6      | Reached XP level 9. HP: 62/62 MP: 20/20
  6331 | D:6      | Reached skill level 8 in Ice Magic
  6401 | D:6      | Noticed Edmund
  6421 | D:6      | Killed Edmund
  6522 | D:6      | Found Ashridoe's Distillery.
  6551 | D:6      | Bought a potion of heal wounds for 60 gold pieces
  6634 | D:6      | Found Tysopus's Assorted Antiques.
  6649 | D:6      | Identified a scroll of acquirement
  6653 | D:6      | Bought a scroll labelled PAGHIDA PEEFFOALI for 22 gold
                  | pieces
  6761 | D:6      | Acquired a book of Ice
  6970 | D:6      | Found a staircase to the Ecumenical Temple.
  7024 | D:7      | Paralysed by a hornet for 2 turns
  7547 | D:7      | Found a radiant altar of Vehumet.
  7737 | D:7      | Found Vaenuami's Weapon Emporium.
  7823 | D:7      | Reached skill level 9 in Ice Magic
  8253 | D:6      | Bought a pair of gloves for 121 gold pieces
  8395 | D:7      | Found a sparkling altar of Nemelex Xobeh.
  8717 | D:8      | Found an ancient bone altar of Kikubaaqudgha.
  8765 | D:8      | Noticed Maggie
  8781 | D:8      | Killed Maggie
  8782 | D:8      | Reached XP level 10. HP: 29/69 MP: 10/23
  9100 | D:8      | Identified the +6 hand axe "Kidoom" {freeze, rC- Str+5
                  | Dex+6}
 10264 | D:8      | Found a hazy altar of Hepliaklqana.
 10417 | D:8      | Upgraded the game from 0.30-a0-141-g30f27751c5 to
                  | 0.30-a0-149-g7f746667c4
 10423 | D:8      | Learned a level 5 spell: Freezing Cloud
 10467 | D:9      | Noticed Amaemon
 10469 | D:9      | Noticed an orange demon
 10482 | D:8      | Killed Amaemon
 10483 | D:8      | Reached skill level 10 in Spellcasting
 10483 | D:8      | Reached skill level 1 in Conjurations
 10818 | D:9      | Killed an orange demon
 11029 | D:9      | Reached skill level 2 in Conjurations
 11240 | D:9      | Reached skill level 10 in Ice Magic
 11350 | D:9      | Found a basalt altar of Yredelemnul.
 12052 | D:9      | Noticed a two-headed ogre
 12063 | D:9      | Killed a two-headed ogre
 12650 | D:10     | Entered Level 10 of the Dungeon
 12672 | D:10     | Found a portal to a secret trove of treasure.
 12684 | D:10     | Noticed Sonja
 12691 | D:10     | Reached XP level 11. HP: 74/74 MP: 19/25
 12715 | D:10     | Killed Sonja
 12741 | D:10     | Found a flagged portal.
 12772 | Bailey   | Entered a bailey
 13119 | Bailey   | Noticed an orc knight
 13129 | Bailey   | Killed an orc knight
 13130 | Bailey   | Reached skill level 10 in Unarmed Combat
 13288 | D:10     | Reached skill level 13 in Ice Magic
 13288 | D:10     | Reached XP level 12. HP: 81/81 MP: 27/27
 13289 | D:10     | Reached skill level 14 in Ice Magic
 13289 | D:10     | Reached XP level 13. HP: 102/102 MP: 28/28
 13362 | D:10     | Upgraded the game from 0.30-a0-149-g7f746667c4 to
                  | 0.30-a0-159-g068b764562
 13429 | D:10     | Reached skill level 15 in Ice Magic
 13493 | D:10     | Learned a level 4 spell: Olgreb's Toxic Radiance
 13563 | D:10     | Reached skill level 1 in Poison Magic
 13754 | D:10     | Learned a level 3 spell: Ignite Poison
 13907 | D:10     | Noticed a fenstrider witch
 13925 | D:10     | Killed a fenstrider witch
 13940 | D:10     | HP: 7/102 [orc warrior/+0 war axe (10)]
 14233 | D:10     | Reached skill level 2 in Poison Magic
 14983 | D:10     | Got the Codex of Evolution
 15892 | D:11     | Found a staircase to the Lair.
 16000 | D:11     | Found a staircase to the Orcish Mines.
 17355 | D:11     | Reached skill level 5 in Poison Magic
 17531 | D:11     | Reached skill level 16 in Ice Magic
 17531 | D:11     | Reached XP level 14. HP: 110/110 MP: 12/29
 18118 | D:11     | Reached skill level 12 in Unarmed Combat
 18641 | Lair:1   | Entered Level 1 of the Lair of Beasts
 18660 | Lair:1   | Found a dark tunnel.
 18675 | Volcano  | Entered a volcano
 19443 | Volcano  | Found a radiant altar of Vehumet.
 19474 | Volcano  | HP: 17/165 [hell knight/+1 broad axe of flaming (9)]
 19475 | Volcano  | HP: 4/165 [hell knight/+1 broad axe of flaming (13)]
 19475 | Volcano  | Slain by a hell knight

Illustrated notes

Levels and vault maps discovered:
D:1:      nicolae_arrival_memento_mori, layout_loops_cross,
          shapermc_ecumenical_altar_mp_vishouse
D:2:      layout_basic, nrook_campfire, chequers_arboretum, uniq_terence,
          uniq_crazy_yiuf_cottage, uniq_sigmund
D:3:      layout_loops_ring, nicolae_overflow_crystal_walls,
          kennysheep_slug_shrine, lemuel_tele_altar, uniq_ijyb
D:4:      layout_basic, lemuel_doored_altar,
          mainiacjoe_overflow_concentric_impassable, uniq_natasha, uniq_pikel
D:5:      layout_basic, serial_shops, nicolae_inconvenience_store,
          hangedman_decor_slide_cut, minmay_circle_x
D:6:      layout_rooms, okawaru_metal_pillars_1_2, minmay_temple_entry_statues,
          serial_shops, shop, shop, kennysheep_mini_moat,
          nicolae_take_the_stairs, shop, uniq_edmund
D:7:      layout_basic, vehumet_altar_wand_db, nemelex_dance_club_becter,
          serial_shops, shop, kennysheep_nondescript, minmay_between
D:8:      layout_basic, mainiacjoe_overflow_chevrons,
          nicolae_hepliaklqana_hippocampus, uniq_maggie
D:9:      layout_roguey, lemuel_mausoleum_altar_yredelemnul, uniq_amaemon
D:10:     nzn_winding_woodlands_small
          [nzn_winding_woodlands_5x15_river_crossing,
          nzn_winding_woodlands_center_pierced_h,
          nzn_winding_woodlands_5x15_sidewinder], layout_basic, enter_bailey_4,
          enter_trove_0, chequers_hall_statues_y, kennysheep_windowed_goal,
          uniq_sonja
D:11:     hangedman_cross_cluster, layout_irregular_city, david_lair_generic,
          portal_ice_cave_entry_imps
Lair:1:   layout_gridlike, nicolae_volcano_entry_lava_flow
Volcano:  volcano_lake [vl_original]

Skill      XL: |  1  2  3  4  5  6  7  8  9 10 11 12 13 14 |
---------------+-------------------------------------------+-----
Unarmed Combat | 1 2 3 4 5 6 8 9 10 11 12 | 12.2
Spellcasting   | 3 5 6 7 9 10 11 | 11.1
Ice Magic      | 5 6 7 9 10 13 14 16 | 16.2
Conjurations   | 3 4 |  4.0
Fighting       | 6 |  6.1
Poison Magic   | 5 |  5.0
Dodging        | |  1.7
Stealth        | |  1.7

Action                   |  1- 3 |  4- 6 |  7- 9 | 10-12 | 13-15 || total
-------------------------+-------+-------+-------+-------+-------++-------
Melee: Unarmed           |    36 |    30 |   221 |   261 |   208 ||   756
       Tailslap          |     5 |     4 |    30 |    43 |    39 ||   121
       Spear             |     4 |    18 |     6 |       |       ||    28
       Punch             |       |     1 |    11 |    18 |    21 ||    51
 Fire: Shortbow          |       |       |    61 |       |       ||    61
Throw: Stone             |       |       |       |       |     1 ||     1
 Cast: Freeze            |    35 |    11 |    20 |     2 |    54 ||   122
       Frozen Ramparts   |     4 |    17 |    27 |    24 |    41 ||   113
       Ozocubu's Armour  |     3 |     6 |    19 |    18 |    40 ||    86
       Freezing Cloud    |       |       |       |     1 |       ||     1
       Olgreb's Toxic Ra |       |       |       |       |    33 ||    33
       Ignite Poison     |       |       |       |       |    19 ||    19
Invok: Potion Petition   |       |       |       |     1 |       ||     1
 Abil: Breathe Dispellin |       |       |       |     3 |     7 ||    10
Evoke: Wand              |       |       |     3 |     5 |    15 ||    23
  Use: Scroll            |       |     8 |    10 |     8 |     3 ||    29
       Potion            |       |       |       |     3 |     5 ||     8
 Stab: Sleeping          |     2 |     1 |     2 |     9 |       ||    14
Armor: Skin              |    22 |    15 |    68 |    70 |   134 ||   309
Dodge: Dodged            |    19 |    27 |   205 |   167 |   236 ||   654

Table legend: (Time is in decaauts)
 A = Elapsed time spent in this place.
 B = Non-inter-level travel time spent in this place.
 C = Inter-level travel time spent in this place.
 D = Time resting spent in this place.
 E = Time spent auto-exploring this place.
 F = Levels seen in this place.
 G = Mean time per level.
                   A        B        C        D        E       F      G
               +--------+--------+--------+--------+--------+-----+--------+
         Total |  19438 |  18913 |    525 |   4391 |  11125 |  14 | 1388.4 |
       Dungeon |  18100 |  17577 |    523 |   3778 |  10821 |  11 | 1645.5 |
          Lair |     33 |     31 |      2 |      0 |      0 |   1 |   33.0 |
        Bailey |    506 |    506 |      0 |     99 |    304 |   1 |  506.0 |
       Volcano |    798 |    798 |      0 |    514 |      0 |   1 |  798.0 |
               +--------+--------+--------+--------+--------+-----+--------+

Top non-repeatable levels by time:
    D:11: 2973 daAuts
    D:10: 2457 daAuts
     D:8: 2163 daAuts
     D:9: 1886 daAuts
     D:2: 1618 daAuts
     D:7: 1282 daAuts
     D:5: 1219 daAuts
     D:3: 1207 daAuts
     D:6: 1151 daAuts
     D:1: 1095 daAuts
     D:4: 1043 daAuts
 Volcano: 798 daAuts
  Bailey: 506 daAuts
  Lair:1: 33 daAuts
